 Dungeon Sprint DCSS version 0.31-a0-325-g067879e3d3 (webtiles) character file.

Game seed: 4007973964862863217

147 Conn the Firebug (level 5, -2/31 HPs)
             Began as an Octopode Fire Elementalist on July 18, 2023.
             Was an Initiate of Sif Muna.
             Slain by a human
             ... wielding a +0 short sword
              (15 damage)
             ... in the Dungeon (Sprint III: "The Ten Rune Challenge").
             The game lasted 00:03:22 (411 turns).

Conn the Firebug (Octopode Fire Elementalist)        Turns: 411, Time: 00:03:23

Health: -2/31      AC:  1    Str:  7    XL:     5   Next: 29%
Magic:  8/12       EV: 14    Int: 19    God:    Sif Muna [......]
Gold:   16         SH:  0    Dex: 13    Spells: 8/14 levels left

rFire   . . .        (no weapon)
rCold   . . .        (no shield)
rNeg    . . .        (helmet restricted)
rPois   .            (no amulet)
rElec   .            (no ring)
rCorr   .            (no ring)
SInv    .            (no ring)
Will    .....        (no ring)
Stlth   ++++         (no ring)
HPRegen 0.25/turn    (no ring)
MPRegen 0.13/turn    (no ring)
                     (no ring)

%: no teleportation
@: hasted, very quick
A: almost no armour, amphibious, 8 rings, camouflage 1, gelatinous body 1,
(nimble swimmer 1), tentacles, wild magic 1
a: Renounce Religion


You were in the Dungeon.
You worshipped Sif Muna.
Sif Muna was noncommittal.
You visited 1 branch You collected 16 gold pieces.

Inventory:

Talismans
 g - a beast talisman
Scrolls
 i - a scroll of torment {unknown}
 j - 3 scrolls of identify
 m - a scroll of poison {unknown}
Potions
 a - 2 potions of magic
 b - a potion of curing
 c - 2 potions of heal wounds
 e - a potion of berserk rage
 h - a potion of mutation
 k - a potion of invisibility {unknown}
 l - a potion of enlightenment {unknown}


   Skills:
 + Level 3.6 Dodging
 + Level 4.5 Stealth
 + Level 0.5 Unarmed Combat
 + Level 5.3 Spellcasting
 + Level 2.2 Conjurations
 + Level 7.8 Fire Magic


You had 8 spell levels left.
You knew the following spells:

 Your Spells              Type           Power      Damage    Failure   Level
a - Foxfire               Conj/Fire      100%       2x1d9     3%          1
b - Scorch                Fire           90%        2d8       1%          2
c - Inner Flame           Hex/Fire       25%        N/A       11%         3

Your spell library contained the following spells:

 Spells                   Type           Power      Damage    Failure   Level
 Volatile Blastmotes      Fire/Tloc      50%        2d14      11%         3
 Slow                     Hex            24%        N/A       17%         1
 Flame Wave               Conj/Fire      31%        2d9       22%         4
 Lesser Beckoning         Tloc           12%        N/A       26%         2
 Confusing Touch          Hex            6%         N/A       45%         3
 Gell's Gravitas          Tloc           6%         N/A       45%         3
 Teleport Other           Tloc           6%         N/A       45%         3
 Vampiric Draining        Necr           6%         2d6       45%         3


Dungeon Overview and Level Annotations

Branches:
Dungeon (1/1)

Altars:
Kikubaaqudgha
Okawaru
Sif Muna
Trog
Uskayaw
Vehumet
Wu Jian


Innate Abilities, Weirdness & Mutations

You cannot wear most types of armour.
You are amphibious.
You can wear up to eight rings at the same time.
Your skin changes colour to match your surroundings (Stealth+).
Your rubbery body absorbs attacks. (AC +1, EV +1)
((You are camouflaged when in or above water. (Stealth+)))
You have tentacles for arms and can constrict up to eight enemies at once.
Your spells are a little harder to cast, but a little more powerful.


Message History

The human's fire resistance burns away.
Your foxfire dissipates!
Unknown command.
Casting: Scorch (safe; 1% risk of failure)
Confirm with . or Enter, or press ? or * to list all spells.
You don't have enough magic to cast this spell.
Your foxfire dissipates!
You hear a shout!
Magic courses through your body.
Casting: Scorch (safe; 1% risk of failure)
Confirm with . or Enter, or press ? or * to list all spells.
Flames lash the human.
The human is burned terribly!
Flame seeps out of the human.
The human is heavily wounded.
The human is engulfed in blazing flames.
Flame seeps out of the human.
The human rages.
Unknown command.
Unknown command.
Unknown command.
Casting: Scorch (safe; 1% risk of failure)
Confirm with . or Enter, or press ? or * to list all spells.
You conjure some foxfire!
The human hits you with a +0 short sword.
Unknown command.
The human attacks as you move away! The human misses you.
The foxfire hits the human!
The human is burned terribly!
Flame seeps out of the human.
The human is severely wounded.
The foxfire hits the human.
Flame seeps out of the human.
The human is almost dead.
The human is engulfed in blazing flames.
Flame seeps out of the human.
Unknown command.
Unknown command.
Casting: Foxfire (safe; 3% risk of failure)
Confirm with . or Enter, or press ? or * to list all spells.
You conjure some foxfire!
The human hits you with a +0 short sword!
You die...

▓▓▓▓▓▓▓▓▓ ▓▓▓ ▓<..#...####
##.# ## ▓...#......#####..#
___# ▓..##.......#..#..#
__.
▓##.##.##...#..#..###+#'###
##.##.###).##'#..#........
▓#.####.##÷.###..p'.⌠p.....
▓.###..##v@####...#...#####
▓#.....##vp###p...#.⌠.#
###..##..○##.....#...#
##..##...°#......#)###
#..###..##.#.....#...# #(.#
#..#####....#___# ▓▓▓▓ ▓▓▓▓
▓▓▓▓▓▓▓▓▓▓


You could see a human (berserk, inner flame, combustible, ally target).

Vanquished Creatures
  A water elemental (D)
  Jessica (D)
  A wizard (D)
  A human (D)
  A kobold demonologist (D)
  A phantom (D)
  An endoplasm (D)
  2 rats (D)
9 creatures vanquished.

Vanquished Creatures (others)
  26 foxfires (D)
26 creatures vanquished.

Grand Total: 35 creatures vanquished

Notes
Turn   | Place    | Note
-------+----------+-------------------------------------------
     0 | D        | Conn the Octopode Fire Elementalist began the quest for the
                  | Orb.
     0 | D        | Reached XP level 1. HP: 11/11 MP: 3/3
    62 | D        | Noticed Jessica
    67 | D        | Killed Jessica
    68 | D        | Reached skill level 5 in Fire Magic
    68 | D        | Reached XP level 2. HP: 17/17 MP: 0/6
    68 | D        | Reached XP level 3. HP: 21/21 MP: 0/7
   228 | D        | Learned a level 2 spell: Scorch
   232 | D        | Learned a level 3 spell: Inner Flame
   267 | D        | Gained mutation: Your body sometimes deteriorates upon
                  | taking damage. [potion of mutation]
   267 | D        | Gained mutation: You are clumsy. (Dex -2) [potion of
                  | mutation]
   267 | D        | Gained mutation: You expend magic power (3 MP) to
                  | strengthen your wands. [potion of mutation]
   268 | D        | Lost mutation: You expend magic power (3 MP) to strengthen
                  | your wands. [potion of mutation]
   268 | D        | Lost mutation: Your body sometimes deteriorates upon taking
                  | damage. [potion of mutation]
   268 | D        | Lost mutation: You are clumsy. (Dex -2) [potion of
                  | mutation]
   268 | D        | Gained mutation: Your spells are a little harder to cast,
                  | but a little more powerful. [potion of mutation]
   281 | D        | Noticed a water elemental
   283 | D        | Killed a water elemental
   284 | D        | Reached skill level 7 in Fire Magic
   284 | D        | Reached XP level 4. HP: 27/27 MP: 4/10
   339 | D        | Found a radiant altar of Vehumet.
   339 | D        | Found a shimmering blue altar of Sif Muna.
   339 | D        | Found an ancient bone altar of Kikubaaqudgha.
   339 | D        | Noticed a wizard
   343 | D        | Killed a wizard
   344 | D        | Reached skill level 5 in Spellcasting
   344 | D        | Reached XP level 5. HP: 24/31 MP: 2/12
   351 | D        | Became a worshipper of Sif Muna the Loreminder
   392 | D        | Found a hide-covered altar of Uskayaw.
   392 | D        | Found an iron altar of Okawaru.
   392 | D        | Found a bloodstained altar of Trog.
   392 | D        | Found an ornate altar of the Wu Jian Council.
   392 | D        | Noticed a human
   393 | D        | Noticed a human
   411 | D        | Slain by a human

Illustrated notes

Levels and vault maps discovered:
D:        dungeon_sprint_mu [sprint_mu_entry_cave, sprint_mu_temple_rooms,
          sprint_mu_d1_spiders, sprint_mu_d2_genie, sprint_mu_d3_branching,
          sprint_mu_orc_legion, sprint_mu_elf_gauntlet, sprint_mu_hive_nellie,
          sprint_mu_lair_fedhas, sprint_mu_vaults_butterflies,
          sprint_mu_slime_circle, sprint_mu_swamp_cave, sprint_mu_shoals_archi,
          sprint_mu_blade_basic, sprint_mu_crypt_lich, sprint_mu_tomb_spiral,
          sprint_mu_vestibule_basic, sprint_mu_gehenna_hellfire,
          sprint_mu_dis_giant, sprint_mu_tartarus_statrot,
          sprint_mu_cocytus_islands, sprint_mu_zot1]

Skill      XL: |  1  2  3  4 |
---------------+-------------+-----
Stealth        | 3 4 |  4.5
Spellcasting   | 3 4 5 |  5.3
Fire Magic     | 5 7 |  7.8
Dodging        | 3 |  3.6
Conjurations   | 2 |  2.2
Unarmed Combat | |  0.5

Action                     |  1- 3 |  4- 6 || total
---------------------------+-------+-------++-------
  Melee: Unarmed           |     7 |       ||     7
         Tentacles         |     3 |       ||     3
         Constrict         |     2 |       ||     2
   Cast: Foxfire           |    13 |     4 ||    17
         Scorch            |     4 |     7 ||    11
         Inner Flame       |       |     1 ||     1
    Use: Potion            |     2 |     2 ||     4
         Scroll            |       |     1 ||     1
  Dodge: Dodged            |     5 |     1 ||     6

Table legend: (Time is in decaauts)
 A = Elapsed time spent in this place.
 B = Non-inter-level travel time spent in this place.
 C = Inter-level travel time spent in this place.
 D = Time resting spent in this place.
 E = Time spent auto-exploring this place.
 F = Levels seen in this place.
 G = Mean time per level.
                   A        B        C        D        E       F      G
               +--------+--------+--------+--------+--------+-----+--------+
         Total |    405 |    405 |      0 |    209 |     33 |   1 |  405.0 |
       Dungeon |    405 |    405 |      0 |    209 |     33 |   1 |  405.0 |
               +--------+--------+--------+--------+--------+-----+--------+

Top non-repeatable levels by time:
       D: 405 daAuts
